 Dungeon Crawl Stone Soup version 0.31.0-4-g52a2dc7128 (webtiles) character file.

Game seed: 13819764051384196447

125 thirtiethelement the Chopper (level 4, 0/54 HPs)
             Began as a Demonspawn Berserker on Jan 23, 2024.
             Was a Believer of Trog.
             Slain by Grinder (6 damage)
             ... on level 3 of the Dungeon.
             The game lasted 00:03:11 (1721 turns).

thirtiethelement the Chopper (Demonspawn Berserker) Turns: 1721, Time: 00:03:12

Health: 0/54       AC: 10    Str: 20    XL:     4   Next: 82%
Magic:  4/4        EV:  8    Int:  7    God:    Trog [**....]
Gold:   151        SH:  0    Dex: 12    Spells: 3/3 levels left

rFire   . . .        a - +0 hand axe
rCold   . . .        (no shield)
rNeg    . . .        k - +0 chain mail
rPois   .            (no helmet)
rElec   .            (no cloak)
rCorr   +            (no gloves)
SInv    .            (no boots)
Will    .....        q - amulet of the acrobat Stlth
                     j - ring of resist corrosion
HPRegen 0.29/turn    (no ring)
MPRegen 0.18/turn

%: acrobat
@: berserking, very quick
A: molten scales 1, magic regeneration, demonic touch 1
a: Renounce Religion, Berserk, Trog's Hand


You were on level 3 of the Dungeon.
You worshipped Trog.
Trog was pleased with you.
You visited 1 branch of the dungeon, and saw 3 of its levels.

You collected 151 gold pieces.

Inventory:

Hand Weapons
 a - a +0 hand axe (weapon)
Armour
 c - an orb of guile
 k - a +0 chain mail (worn)
Jewellery
 j - a ring of resist corrosion (left hand)
 n - an amulet of faith
 q - an amulet of the acrobat (around neck)
Scrolls
 b - a scroll of torment {unknown}
 e - 2 scrolls of fear {unknown}
 f - a scroll of immolation {unknown}
 i - a scroll of amnesia {unknown}
Potions
 d - a potion of cancellation {unknown}
 g - 3 potions of heal wounds {unknown}
 h - 3 potions of lignification {unknown}
 l - 2 potions of mutation {unknown}
 m - a potion of degeneration {unknown}
 o - a potion of might {unknown}
 p - 2 potions of curing {unknown}


   Skills:
 + Level 3.6 Fighting
 + Level 4.0 Axes
 + Level 2.5 Armour
 + Level 2.1 Dodging
 + Level 0.3 Stealth


You had 3 spell levels left.
You didn't know any spells.
Your spell library contained the following spells:

 Spells                   Type           Power      Damage    Failure   Level
 Foxfire                  Conj/Fire      0%         2x1d4     98%         1
 Blink                    Tloc           0%         N/A       99%         2
 Lesser Beckoning         Tloc           0%         N/A       99%         2
 Momentum Strike          Conj/Tloc      0%         3d8       99%         2
 Freezing Cloud           Conj/Ice/Air   0%         6-21      100%        5


Dungeon Overview and Level Annotations

Branches:
Dungeon (3/15)

Altars:

Shops:
D:2 :

Annotations:
D:3 Grinder


Innate Abilities, Weirdness & Mutations

You are partially covered in molten scales. (AC +2)
You regenerate magic rapidly.
Your touch may inflict minor irresistible damage on your foes.


Message History

Grinder gestures at you.
You shrug off the repeated paralysis!
You can move again.
You see here a rat corpse.
You closely miss Grinder.
You touch Grinder!
Grinder is moderately wounded.
Grinder blinks!
Grinder blinks!
Grinder blinks!
Grinder blinks!
You see here a rat corpse.
You closely miss Grinder.
Grinder is lightly wounded.
Grinder hits you but does no damage.
You closely miss Grinder. Your touch misses Grinder.
Grinder is lightly wounded.
Grinder gestures at you.
You suddenly lose the ability to move!
Grinder hits you. x2
You writhe in agony.
Grinder gestures at you. Pain shoots through your body!
You can move again.
A red film seems to cover your vision as you go berserk!
You feel yourself moving faster!
You feel mighty! Grinder hits you.
You writhe in agony.
You slash Grinder!
Grinder is moderately wounded.
Grinder gestures at you. Pain shoots through your body!
* * * LOW HITPOINT WARNING * * *
You hit Grinder.
Grinder is heavily wounded.
You slash Grinder!
You touch Grinder!
Grinder is almost dead.
Grinder hits you.
* * * LOW HITPOINT WARNING * * *
You writhe in agony.
You die...
Grinder says, "Now the real fun starts!"

>....... ..# ##.
...#...## ###.## ##.#
....[...####....###.##
...5.............#..#
#....5.# #....## ##
#....## #.##...## #.#
##....# #.#.....#
##.###.###.## #.#.....#
#.....†.@5..# #.#.....#
#.#########.###.##...####
# #.......#..##.##.......
#.......#.....###.#####
#..♣♣♣..#.###.# #.#
#..'_♣..'.###.###.#####
#..♣♣♣..#......[.......
#.......#.........####.
#.......#..########


You could see Grinder.

Vanquished Creatures
  Terence (D:3)
  3 adders
  2 ribbon worms
  5 dart slugs
  An orc (D:3)
  3 bats
  5 endoplasms
  2 giant cockroaches (D:2)
  4 goblins
  9 hobgoblins
  4 quokkas
  3 ball pythons
  2 frilled lizards (D:1)
  5 kobolds
  5 rats
54 creatures vanquished.

Notes
Turn   | Place    | Note
-------+----------+-------------------------------------------
     0 | D:1      | thirtiethelement the Demonspawn Berserker began the quest
                  | for the Orb.
     0 | D:1      | Reached XP level 1. HP: 18/18 MP: 1/1
   240 | D:1      | Gained mutation: You regenerate magic rapidly. [demonic
                  | ancestry]
   240 | D:1      | Reached XP level 2. HP: 20/24 MP: 2/2
   301 | D:1      | Reached skill level 3 in Axes
   790 | D:1      | Gained mutation: Your touch may inflict minor irresistible
                  | damage on your foes. [demonic ancestry]
   790 | D:1      | Reached XP level 3. HP: 26/29 MP: 3/3
  1024 | D:2      | Reached ** piety under Trog
  1045 | D:2      | Found Qiqic's Vocational Training.
  1143 | D:2      | Got Betum's Grimoire of Arson and the Iceberg
  1186 | D:2      | Gained mutation: You are partially covered in molten
                  | scales. (AC +2) [demonic ancestry]
  1186 | D:2      | Reached XP level 4. HP: 35/35 MP: 4/4
  1528 | D:3      | Noticed Terence
  1533 | D:3      | Killed Terence
  1601 | D:3      | Reached skill level 4 in Axes
  1673 | D:3      | Found a faded altar of an unknown god.
  1688 | D:3      | Noticed Grinder
  1696 | D:3      | Paralysed by Grinder for 5 turns
  1714 | D:3      | Paralysed by Grinder for 4 turns
  1721 | D:3      | Slain by Grinder

Illustrated notes

Levels and vault maps discovered:
D:1:      lemuel_arrival_muddy, layout_loops_ring, serial_bayou_ford_a
D:2:      layout_rooms, nicolae_shop_vocational
D:3:      layout_loops_ring, hellmonk_ecumenical_altar_inner_sanctum,
          gammafunk_ghost_gnarly_gnolls, uniq_terence, uniq_grinder

Skill      XL: |  1  2  3  4 |
---------------+-------------+-----
Axes           | 3 4 |  4.0
Armour         | 2 |  2.5
Dodging        | 2 |  2.1
Fighting       | |  3.6
Stealth        | |  0.3

Action                     |  1- 3 |  4- 6 || total
---------------------------+-------+-------++-------
  Melee: Hand axe          |    86 |    52 ||   138
         Touch             |     8 |     8 ||    16
         Punch             |       |     1 ||     1
 Invoke: Berserk           |       |     1 ||     1
 Armour: Leather armour    |    37 |       ||    37
         Chain mail        |    30 |    44 ||    74
  Dodge: Dodged            |    34 |    16 ||    50
